 Dungeon Crawl Stone Soup version 0.28-a0-1152-g9c71ebef14 (webtiles) character file.

Game seed: 5004468180945577142

26 emnemthenerd the Skirmisher (level 2, -2/27 HPs)
             Began as a Minotaur Fighter on Dec 14, 2021.
             Was a Follower of Uskayaw.
             Slain by a goblin (3 damage)
             ... led by Robin
             ... on level 2 of the Dungeon.
             The game lasted 00:06:43 (1246 turns).

emnemthenerd the Skirmisher (Minotaur Fighter)      Turns: 1246, Time: 00:06:49

Health: -2/27      AC:  7    Str: 20    XL:     2   Next: 89%
Magic:  1/1        EV:  9    Int:  5    God:    Uskayaw [*.....]
Gold:   83         SH:  4    Dex:  9    Spells: 1/1 levels left

rFire   . . .      SeeInvis .   a - +0 flail
rCold   . . .      Faith    .   c - +0 buckler
rNeg    . . .      Spirit   .   b - +0 scale mail
rPois   .          Reflect  .   (helmet restricted)
rElec   .          Harm     .   (no cloak)
rCorr   .          Rampage  .   (no gloves)
Will    .....                   (no boots)
Stlth   ..........              (no amulet)
HPRegen 0.09/turn               (no ring)
MPRegen 0.07/turn               (no ring)

@: mighty, invisible
A: horns 2, retaliatory headbutt
a: Renounce Religion, Stomp


You were on level 2 of the Dungeon.
You worshipped Uskayaw.
Uskayaw was noncommittal.
You visited 1 branch of the dungeon, and saw 2 of its levels.

You collected 83 gold pieces.

Inventory:

Hand Weapons
 a - a +0 flail (weapon)
 i - a +0 long sword
Armour
 b - a +0 scale mail (worn)
 c - a +0 buckler (worn)
 e - a +0 chain mail
Scrolls
 f - a scroll of immolation {unknown}
 j - a scroll of teleportation {unknown}
Potions
 h - 2 potions of haste {unknown}


   Skills:
 + Level 4.2 Fighting
 + Level 2.7 Maces & Flails
 + Level 4.0 Armour
 + Level 4.0 Shields


You had one spell level left.
You didn't know any spells.
Your spell library was empty.

Dungeon Overview and Level Annotations

Branches:
Dungeon (2/15)

Altars:
Uskayaw

Annotations:
D:2 Robin


Innate Abilities, Weirdness & Mutations

You have a pair of horns on your head.
You reflexively headbutt those who attack you in melee.


Message History

Okay, then.
You feel very mighty all of a sudden. Robin throws the goblin at you!
A goblin comes into view. It is wielding a +0 dagger.
The goblin closely misses you.
You closely miss the hobgoblin.
A jackal comes into view.
The goblin hits you but does no damage. Robin throws the goblin at you!
The hobgoblin misses you. The goblin barely misses you.
The hobgoblin closely misses you.
A jackal comes into view.
You barely miss the hobgoblin.
The jackal barks!
The goblin barely misses you.
Robin roars a battlecry!
The goblins go into a battle-frenzy!
The hobgoblin hits you but does no damage.
You block the hobgoblin's attack. The hobgoblin hits you.
You block the goblin's attack.
You closely miss the hobgoblin. The goblin hits you but does no damage.
Robin roars a battlecry!
The goblin hits you with a +0 club. The hobgoblin hits you.
* * * LOW HITPOINT WARNING * * *
The hobgoblin hits you but does no damage.
The hobgoblin completely misses you. The goblin hits you with a +0 dagger.
* * * LOW HITPOINT WARNING * * *
The hobgoblin closely misses you. The goblin hits you but does no damage.
It was a potion of invisibility.
You fade into invisibility!
You block the goblin's attack. The hobgoblin barely misses you.
You furiously retaliate!
You headbutt the hobgoblin!
You kill the hobgoblin!
An endoplasm comes into view.
The hobgoblin hits you.
* * * LOW HITPOINT WARNING * * *
The hobgoblin hits you but does no damage.
The goblin barely misses you. You furiously retaliate!
You headbutt the goblin!
You kill the goblin!
The goblin hits you with a +0 dagger.
You die...

..#. .... ###... ...
....##>. #. ...#.. ...
#...####....
#....g......
#...gg......
#..)@gghg..J
#..ggg......
##....h......
#............ #####
#............
##...###............
##.....##........#...
####................####
#......<......#######


You could see Robin, an endoplasm (wandering), 2 jackals, 3 hobgoblins and 5
goblins.

Vanquished Creatures
  5 ball pythons (D:1)
  3 endoplasms (D:1)
  A giant cockroach (D:1)
  3 goblins
  2 hobgoblins
  2 jackals (D:1)
  2 kobolds (D:1)
  A quokka (D:1)
  2 bats (D:1)
  A frilled lizard (D:1)
  4 rats (D:1)
26 creatures vanquished.

Vanquished Creatures (others)
  54 plants (D:1)
54 creatures vanquished.

Grand Total: 80 creatures vanquished

Notes
Turn   | Place    | Note
-------+----------+-------------------------------------------
     0 | D:1      | emnemthenerd the Minotaur Fighter began the quest for the
                  | Orb.
     0 | D:1      | Reached XP level 1. HP: 19/19 MP: 0/0
   180 | D:1      | Found a faded altar of an unknown god.
   205 | D:1      | Reached XP level 2. HP: 23/27 MP: 1/1
   244 | D:1      | Prayed at the altar of an unknown god.
   244 | D:1      | Became a worshipper of Uskayaw the Reveller
   244 | D:1      | Reached * piety under Uskayaw
   530 | D:1      | Reached ** piety under Uskayaw
   743 | D:1      | Reached *** piety under Uskayaw
  1241 | D:2      | Noticed Robin
  1246 | D:2      | HP: 1/27 [hobgoblin[Robin] (4)]
  1246 | D:2      | Slain by a goblin

Illustrated notes

Levels and vault maps discovered:
D:1:      roderic_crop_circles_arrival_large, layout_rooms,
          basic_ecumenical_altar
D:2:      layout_rooms, nrook_uturn, st_stairs_12, uniq_sigmund, uniq_robin

Skill      XL: |  1  2 |
---------------+-------+-----
Fighting       | 4 |  4.2
Shields        | 4 |  4.0
Armour         | 4 |  4.0
Maces & Flails | |  2.7

Action                   || total
-------------------------++-------
Melee: Flail             ||    50
       Headbutt          ||     7
  Use: Potion            ||     2
 Stab: Paralysed         ||     1
Armor: Scale mail        ||    31
Dodge: Dodged            ||    27
Block: Buckler           ||    19

Table legend: (Time is in decaauts)
 A = Elapsed time spent in this place.
 B = Non-inter-level travel time spent in this place.
 C = Inter-level travel time spent in this place.
 D = Time resting spent in this place.
 E = Time spent auto-exploring this place.
 F = Levels seen in this place.
 G = Mean time per level.
                   A        B        C        D        E       F      G
               +--------+--------+--------+--------+--------+-----+--------+
         Total |   1259 |   1259 |      0 |    611 |    287 |   2 |  629.5 |
       Dungeon |   1259 |   1259 |      0 |    611 |    287 |   2 |  629.5 |
               +--------+--------+--------+--------+--------+-----+--------+

Top non-repeatable levels by time:
     D:1: 1221 daAuts
     D:2: 37 daAuts
